Map: Backwater LE

Players

Sinox - Winner!

  • Race: Terran Terran
  • League: Diamond
  • Spawn Location: 5:00

bootsandcats

  • Race: Zerg Zerg
  • League: Platinum
  • Spawn Location: 11:00

VOD

Have the link to the VOD?

Description

Time

  • Played on: Jan. 25, 2018, 10:43 p.m.
  • Length: 6:20
Show
View Real Time Build Order
Export as new Build Order

Sinox Terran - Winner!

Build Orders:  

Get SALT Encoding   

  12  0:01  SCV  
  13  0:13  SCV  
  14  0:18  Supply Depot  
  14  0:25  SCV  
  15  0:39  SCV  
  15  0:41  Barracks  
  16  0:51  SCV  
  16  0:52  Refinery  
  17  1:03  SCV  
  18  1:16  SCV  
  19  1:28  Orbital Command, Marine  
  20  1:46  Marine  
  21  1:56  Command Center  
  21  2:04  Supply Depot  
  21  2:08  SCV  
  22  2:13  Factory  
  22  2:15  Barracks Reactor  
  22  2:20  SCV  
  23  2:24  Refinery  
  23  2:32  SCV  
  24  2:47  SCV  
  25  3:00  Starport  
  25  3:04  Hellion x2  
  25  3:05  Marine  
  29  3:08  SCV  
  31  3:14  Armory  
  31  3:17  Orbital Command  
  31  3:23  Marine  
  31  3:25  SCV  
  33  3:31  Hellion  
  33  3:33  Hellion  
  37  3:37  SCV  
  38  3:44  SCV  
  38  3:46  Medivac  
  41  3:49  SCV, Marine  
  41  3:54  Hellion  
  45  4:03  Supply Depot  
  45  4:06  Marine  
  45  4:08  Hellion  
  48  4:15  Hellion  
  50  4:20  SCV x2  
  52  4:30  Hellion  
  54  4:33  Viking  
  54  4:34  Marine  
  57  4:46  SCV x2  
  59  4:54  Bunker  
  59  4:57  Barracks Tech Lab  
  59  4:58  Barracks, SCV x2  
  59  4:59  Barracks  
  61  5:03  Supply Depot  
  61  5:06  Supply Depot  
  59  5:49  Barracks Tech Lab  
  59  5:50  Barracks Tech Lab  
  59  5:51  Starport Reactor  
  59  5:52  SCV  
  59  5:53  SCV  
Show
View Real Time Build Order
Export as new Build Order

bootsandcats Zerg 

Build Orders: Hatch First 

Get SALT Encoding   

  12  0:06  Drone  
  13  0:08  Drone  
  14  0:18  Overlord  
  14  0:48  Drone  
  14  0:49  Hatchery  
  14  1:05  Spawning Pool  
  14  1:07  Extractor  
  12  1:11  Drone  
  12  1:12  Drone  
  14  1:19  Drone  
  15  1:26  Drone  
  16  1:34  Drone  
  17  1:44  Drone  
  18  1:51  Queen  
  20  1:56  Drone  
  21  2:06  Overlord  
  21  2:17  Drone  
  21  2:18  Drone x2  
  24  2:23  Drone  
  25  2:33  Drone  
  25  2:34  Drone  
  27  2:39  Zergling x2  
  27  2:44  Zergling x2  
  29  2:48  Drone  
  30  3:02  Roach Warren  
  29  3:09  Drone x2  
  29  3:10  Drone x4  
  35  3:20  Evolution Chamber  
  34  3:32  Drone x2  
  36  3:38  Overlord  
  36  3:50  Zerg Melee Weapons Level 1  
  36  3:54  Metabolic Boost  
  36  4:01  Lair  
  36  4:06  Overlord  
  36  4:08  Drone x4  
  36  4:09  Drone x4  
  44  4:26  Drone x2  
  46  4:38  Queen  
  46  4:39  Hatchery  
  47  4:47  Zergling x2  
  47  4:48  Zergling x6  
  47  4:49  Hatchery  
  47  4:52  Roach  
  52  5:18  Overlord x2  
  33  5:45  Roach  
  33  5:46  Roach x2  
Tags
 
Add a new tag
Caveats
  • Supply blocks, unpowered buildings, or Contaminate may cause inaccurate times.
  • Supply counts are checked every 10 seconds.